 Dungeon Crawl Stone Soup version 0.30.1-9-gdf580d7c3d (webtiles) character file.

Game seed: 11263831675162457056

150 Tafferling the Chopper (level 5, -3/48 HPs)
             Began as a Minotaur Berserker on Sept 26, 2023.
             Was a Believer of Trog.
             Slain by a gnoll
             ... wielding a +0 spear
              (6 damage)
             ... on level 3 of the Dungeon.
             The game lasted 00:16:54 (2544 turns).

Tafferling the Chopper (Minotaur Berserker)         Turns: 2544, Time: 00:16:54

Health: -3/48      AC:  5    Str: 23    XL:     5   Next: 10%
Magic:  4/4        EV: 11    Int:  4    God:    Trog [**....]
Gold:   106        SH:  0    Dex: 10    Spells: 4/4 levels left

rFire   . . .        p - +3 short sword
rCold   . . .        (no shield)
rNeg    . . .        k - +0 ring mail
rPois   .            (helmet restricted)
rElec   .            (no cloak)
rCorr   .            (no gloves)
SInv    .            (no boots)
Will    .....        (no amulet) Stlth
                     (no ring)
HPRegen 0.28/turn    (no ring)
MPRegen 0.09/turn

%: no passive effects
@: no status effects
A: horns 2, retaliatory headbutt
a: Renounce Religion, Berserk, Trog's Hand


You were on level 3 of the Dungeon.
You worshipped Trog.
Trog was pleased with you.
You visited 1 branch of the dungeon, and saw 3 of its levels.

You collected 106 gold pieces.

Inventory:

Hand Weapons
 a - a +0 hand axe
 c - a +0 dagger
 d - a +0 short sword
 e - a +2 short sword of electrocution
 f - a +2 dagger of venom
 i - a +0 club
 j - a +0 sling
 p - a +3 short sword (weapon)
Missiles
 m - a throwing net (quivered)
Armour
 b - a +0 animal skin
 g - a +0 leather armour
 k - a +0 ring mail (worn)
 o - a +0 scale mail
Jewellery
 v - a +6 ring of strength
Wands
 u - a wand of digging (4)
Scrolls
 l - 4 scrolls of vulnerability {unknown}
 r - a scroll of magic mapping {unknown}
 t - a scroll of immolation {unknown}
 w - a scroll of identify {unknown}
Potions
 h - 3 potions of curing {unknown}
 n - a potion of ambrosia {unknown}
 q - a potion of brilliance {unknown}
 s - a potion of mutation {unknown}
 x - a potion of might {unknown}
 z - 2 potions of haste {unknown}


   Skills:
 + Level 5.0 Fighting
 + Level 5.2 Axes
 + Level 3.3 Armour
 + Level 2.8 Dodging


You had 4 spell levels left.
You didn't know any spells.
Your spell library was empty.

Dungeon Overview and Level Annotations

Branches:
Dungeon (3/15)

Altars:


Innate Abilities, Weirdness & Mutations

You have a pair of horns on your head.
You reflexively headbutt those who attack you in melee.


Message History

You start resting.
HP restored.
A gnoll comes into view. It is wielding a +0 flail.
The gnoll shouts!
You hear a shout! x2
The gnoll moves out of view.
A gnoll comes into view. It is wielding a +0 halberd.
You hit the gnoll.
The gnoll is lightly wounded.
The gnoll closely misses you.
A gnoll comes into view. It is wielding a +0 club.
You barely miss the gnoll.
The gnoll shouts!
Your headbutt misses the gnoll.
The gnoll is lightly wounded.
The gnoll barely misses you. x2
You hit the gnoll.
The gnoll is moderately wounded.
The gnoll hits you from afar with a +0 halberd!
A gnoll comes into view. It is wielding a +0 spear.
The gnoll hits you with a +0 club. The gnoll hits you with a +0 flail!
The gnoll shouts!
You hit the gnoll.
The gnoll is moderately wounded.
The gnoll barely misses you. The gnoll closely misses you.
The gnoll hits you with a +0 club. The gnoll hits you with a +0 flail.
You hit the gnoll.
The gnoll is moderately wounded.
The gnoll hits you from afar with a +0 halberd.
The gnoll closely misses you. The gnoll misses you.
The gnoll hits you with a +0 flail.
You hit the gnoll.
The gnoll is heavily wounded.
The gnoll barely misses you. The gnoll completely misses you.
The gnoll misses you. The gnoll closely misses you.
You hit the gnoll but do no damage. You headbutt the gnoll.
The gnoll is heavily wounded.
The gnoll hits you from afar with a +0 halberd!
* * * LOW HITPOINT WARNING * * *
The gnoll hits you from afar with a +0 spear.
You die...

#.# #..#..#.#
#.# #.....#.#
#.####.##.##.#
#.#..........#
#.#.##....####
#.#.#.########
#.............
###.#.########
#.#..g@# #
####g#


gg# #### You could see 4 gnolls.

Vanquished Creatures
  4 gnolls (D:3)
  5 adders
  3 worms (D:2)
  A dart slug (D:2)
  An orc (D:3)
  7 ball pythons
  7 bats
  2 endoplasms
  3 hobgoblins
  4 jackals (D:1)
  2 quokkas
  2 frilled lizards
  4 goblins (D:1)
  10 kobolds
  2 rats
57 creatures vanquished.

Notes
Turn   | Place    | Note
-------+----------+-------------------------------------------
     0 | D:1      | Tafferling the Minotaur Berserker began the quest for the
                  | Orb.
     0 | D:1      | Reached XP level 1. HP: 19/19 MP: 0/0
   247 | D:1      | Reached XP level 2. HP: 27/27 MP: 1/1
   304 | D:1      | Found a faded altar of an unknown god.
   825 | D:2      | Reached XP level 3. HP: 33/33 MP: 2/2
   915 | D:2      | Reached ** piety under Trog
  1127 | D:2      | Reached XP level 4. HP: 16/41 MP: 3/3
  2140 | D:3      | Reached skill level 5 in Axes
  2397 | D:3      | Reached XP level 5. HP: 20/47 MP: 4/4
  2408 | D:3      | Reached skill level 5 in Fighting
  2544 | D:3      | Slain by a gnoll

Illustrated notes

Levels and vault maps discovered:
D:1:      mainiacjoe_arrival_reflecting_pool, layout_loops_ring,
          hellmonk_ecumenical_altar_dog_temple, minmay_statues_item,
          kennysheep_minor_cross
D:2:      layout_basic, serial_park_tiny_pond
D:3:      layout_basic

Skill      XL: |  1  2  3  4  5 |
---------------+----------------+-----
Axes           | 4 5 |  5.2
Fighting       | 4 5 |  5.0
Armour         | 3 |  3.3
Dodging        | |  2.8

Action                     |  1- 3 |  4- 6 || total
---------------------------+-------+-------++-------
  Melee: Hand axe          |    99 |    28 ||   127
         Headbutt          |    12 |     8 ||    20
         Punch             |     1 |     3 ||     4
         Short sword       |       |    33 ||    33
 Invoke: Berserk           |     1 |       ||     1
 Armour: Ring mail         |    34 |    14 ||    48
  Dodge: Dodged            |    45 |    38 ||    83
